AoeStats
← Krivler | Murphy

Arena

509632824Analyzed
1v1 RM · 4d ago on Sep 27, 2026· 26m 36s· 2 players
Game mode
Random Map
Map size
Tiny (2 player)
Population
200
Speed
Normal
Resources
Standard
Victory
Conquest
Starting age
Dark Age
Ending age
Imperial Age
RankedLock teamsTeams togetherTeam positionsShared explorationLock speedFull tech treeHidden civsTurbo modeCheats
Victory
Defeat
🇨🇴 Bohemians · Colombia
1011
+17
🇹🇷 Turks · Türkiye
1023
-17
shatarro
10:39 Feudal Age
15:34 Castle Age
13:48 Loom
16:38 Fletching
21:44 Bodkin Arrow
23:15 Redemption
Krivler | Murphy
11:41 Feudal Age
16:11 Castle Age
15:21 Double-Bit Axe
20:12 Imperial Age
24:50 Guilds
Connection lost

Rejoining the realm…

Still unreachable

The connection could not be restored.

Session expired

The server has moved on; the page needs a fresh start.